[Event "Titled Tuesday Blitz July 25 Early 2023"]
[White "Pershina, Elena"]
[Black "Mohammad Fahad, Rahman"]
[WhiteFideId "24147516"]
[BlackFideId "10207791"]
[WhiteElo "2351"]
[BlackElo "2693"]
[Result "1-0"]
[Round "1"]
[TimeControl "180+2"]
[Date "2023.07.25"]
[WhiteClock "0:00:17"]
[BlackClock "0:00:02"]
[Board "137"]

1. c4 c6 2. g3 g6 3. Bg2 Bg7 4. Nf3 d5 5. d4 dxc4 6. O-O Nf6 7. Ne5 Ng4 8. Bf4 O-O 9. Na3 Nxe5 10. Bxe5 Bxe5 11. dxe5 Be6 12. Qc2 Qd4 13. Rfd1 Qxe5 14. Nxc4 Qc5 15. Rac1 Nd7 16. b3 Rfd8 17. Qb2 Nf6 18. Ne5 Qb6 19. h3 Rxd1+ 20. Rxd1 Rd8 21. Qc1 Kg7 22. e3 Rxd1+ 23. Qxd1 Qa5 24. Nd3 Qxa2 25. Nc5 Bd5 26. e4 Qa3 27. Nxb7 Bxb3 28. Qd4 Qc1+ 29. Kh2 Be6 30. Nd8 Qc4 31. Qxa7 Qb4 32. Nxc6 Qc3 33. Nxe7 Nd7 34. Nd5 Bxd5 35. exd5 Ne5 36. d6 Qd2 37. Qc5 Kf6 38. Qd5 Qxf2 39. d7 Nxd7 40. Qxd7 Kg7 41. Qe7 h5 42. Qe5+ Qf6 43. Qxf6+ Kxf6 44. Kg1 h4 45. g4 Kg5 46. Kf2 f5 47. Bf3 Kf4 48. Kg2 Kg5 49. Bd1 Kf4 50. Be2 Kg5 51. Kf3 Kf6 52. Bf1 Kg5 53. Bg2 fxg4+ 54. hxg4 h3 55. Bxh3 Kh6 56. Kf4 Kg7 57. Ke5 Kh6 58. Kf6 Kh7 59. g5 Kh8 60. Kxg6 Kg8 61. Kh6 Kh8 62. g6 Kg8 63. g7 Kf7 64. Kh7 1-0


[Site "https://www.chess.com"]

[Event "Titled Tuesday Blitz July 25 Early 2023"]
[White "Oleksiyenko, Mykhaylo"]
[Black "Slavin, Alexey"]
[WhiteFideId "4152417"]
[BlackFideId "24104388"]
[WhiteElo "2693"]
[BlackElo "2349"]
[Result "1-0"]
[Round "1"]
[TimeControl "180+2"]
[Date "2023.07.25"]
[WhiteClock "0:00:10"]
[BlackClock "0:00:02"]
[Board "138"]

1. e4 Nc6 2. Nf3 d6 3. d4 Nf6 4. Nc3 Bg4 5. Be2 e5 6. d5 Ne7 7. h3 Bd7 8. Bg5 Ng6 9. h4 h6 10. Be3 Be7 11. h5 Nf8 12. Qd2 Ng4 13. O-O-O Nh7 14. Kb1 O-O 15. Bb5 Bc8 16. Nh2 Nxe3 17. Qxe3 a6 18. Be2 Bg5 19. Qd3 f5 20. Bf3 f4 21. Bg4 Nf6 22. Bxc8 Qxc8 23. Qe2 b5 24. Nf3 Nh7 25. Nd2 Qd7 26. Nb3 Bd8 27. a3 Nf6 28. Na5 Rb8 29. Nc6 Rb6 30. Rd3 Be7 31. g3 Nh7 32. gxf4 Rxf4 33. Rg3 Bg5 34. Rhg1 Rf8 35. Nd1 Rxc6 36. dxc6 Qxc6 37. Qd3 Kh8 38. Ne3 Bxe3 39. Qxe3 Ng5 40. Rxg5 hxg5 41. Qxg5 Qd7 42. h6 Rf7 43. Rh1 Kg8 44. h7+ Kh8 45. Qg3 Qe7 46. Ka1 Qf8 47. Rh2 Rf3 48. Qg6 Rf6 49. Qg4 Rf4 50. Qd7 Rf7 51. Qc6 1-0


[Site "https://www.chess.com"]

[Event "Titled Tuesday Blitz July 25 Early 2023"]
[White "Skliarov, Viktor"]
[Black "Sahil, Tickoo"]
[WhiteFideId "14106736"]
[BlackFideId "5019710"]
[WhiteElo "2689"]
[BlackElo "2348"]
[Result "0-1"]
[Round "1"]
[TimeControl "180+2"]
[Date "2023.07.25"]
[WhiteClock "0:00:04"]
[BlackClock "0:00:15"]
[Board "140"]

1. e4 c5 2. Nf3 d6 3. d4 cxd4 4. Qxd4 Nc6 5. Bb5 Bd7 6. Bxc6 Bxc6 7. Nc3 Nf6 8. Bg5 e6 9. O-O-O Be7 10. Rhe1 O-O 11. Kb1 a6 12. Qd2 Qc7 13. Nd4 b5 14. f3 b4 15. Nce2 a5 16. g4 Rfb8 17. h4 a4 18. Nxc6 Qxc6 19. Nd4 Qc7 20. Bxf6 Bxf6 21. g5 Bxd4 22. Qxd4 b3 23. cxb3 axb3 24. axb3 Qa5 25. Re3 Rc8 26. Rc3 Rxc3 27. Qxc3 Qa6 28. Qc4 Qa2+ 29. Kc2 Qa7 30. Rxd6 Qf2+ 31. Rd2 Qxf3 32. e5 Qf5+ 33. Qd3 Rc8+ 34. Kb1 Qxd3+ 35. Rxd3 h6 36. gxh6 gxh6 37. b4 Rb8 38. Rd4 Rb5 39. Re4 Kg7 40. Ka2 f5 41. exf6+ Kxf6 42. Ka3 Kf5 43. Re1 e5 44. Ka4 Rb8 45. b5 e4 46. Ka5 Ra8+ 47. Kb6 Ra2 48. Re2 Kf4 49. Kc7 Kf3 50. Rc2 e3 51. b6 e2 52. b7 e1=Q 53. b8=Q Qe7+ 54. Kb6 Qb4+ 55. Kc7 Qf4+ 56. Kb7 Qe4+ 57. Kb6 Qxc2 58. Qf8+ Ke2 59. Qe7+ Kd1 60. Qd6+ Qd2 61. Qxd2+ Kxd2 62. b4 Rb2 63. b5 Ke3 64. Kc5 Kf4 65. b6 Kg4 0-1


[Site "https://www.chess.com"]

[Event "Titled Tuesday Blitz July 25 Early 2023"]
[White "Fisabilillah, Ummi"]
[Black "Timerkhanov, Alexander"]
[WhiteFideId "7104804"]
[BlackFideId "24177938"]
[WhiteElo "2348"]
[BlackElo "2685"]
[Result "1/2-1/2"]
[Round "1"]
[TimeControl "180+2"]
[Date "2023.07.25"]
[WhiteClock "0:00:51"]
[BlackClock "0:00:13"]
[Board "141"]

1. e4 c5 2. Nf3 a6 3. c3 d5 4. exd5 Qxd5 5. d4 e6 6. Be2 Nf6 7. O-O Nc6 8. dxc5 Bxc5 9. Qxd5 Nxd5 10. Nbd2 O-O 11. Ne4 Be7 12. Rd1 b5 13. a4 bxa4 14. Rxa4 Bb7 15. Bg5 f6 16. Bc1 Rfd8 17. Bc4 Kf7 18. Bxd5 exd5 19. Ng3 Bc5 20. Nf5 Re8 21. Be3 Bf8 22. h3 Rad8 23. Bb6 Rd7 24. N5d4 Ne5 25. Nxe5+ fxe5 26. Nf3 h6 27. Re1 Bd6 28. Ra5 Bb8 29. Rd1 Re6 30. Bc5 g5 31. b4 Bc7 32. Raa1 Kg6 33. Re1 h5 34. Nd4 Rf6 35. Nf3 Rf5 36. Ra2 Rdf7 37. Rae2 d4 38. cxd4 Bxf3 39. gxf3 exd4 40. Re6+ Kh7 41. Bxd4 Rxf3 42. Re7 Bd6 43. Rxf7+ Rxf7 44. Re6 Rd7 45. Bc5 Bxc5 46. bxc5 Rd5 47. Rxa6 Rxc5 48. Kg2 Rc3 49. Rb6 Kg7 50. Ra6 Rd3 51. Rb6 Rd4 52. Rb5 Kg6 53. Rb6+ Kf5 54. Rb8 Rd5 55. Rf8+ Ke4 56. Re8+ Kf4 57. Rf8+ Rf5 58. Rh8 h4 59. Ra8 Rc5 60. Ra4+ Kf5 61. Rg4 Rc3 62. Ra4 Rc5 63. Ra8 Re5 64. Rf8+ Kg6 65. Rg8+ Kf6 66. Ra8 Kf5 67. Rf8+ Kg6 68. Rf3 Re4 69. Re3 Rxe3 70. fxe3 Kf6 71. Kf3 Kf5 72. e4+ Ke5 73. Kg4 Kxe4 74. Kxg5 Ke5 75. Kxh4 Kf6 76. Kh5 Kg7 77. Kg5 Kh8 78. Kh6 Kg8 79. h4 Kh8 80. h5 Kg8 81. Kg6 Kh8 82. h6 Kg8 83. h7+ Kh8 84. Kf7 Kxh7 1/2-1/2


[Site "https://www.chess.com"]

[Event "Titled Tuesday Blitz July 25 Early 2023"]
[White "Koshulyan, Egor A."]
[Black "morozcoma"]
[WhiteFideId "24237000"]
[WhiteElo "2678"]
[BlackElo "2347"]
[Result "1-0"]
[Round "1"]
[TimeControl "180+2"]
[Date "2023.07.25"]
[WhiteClock "0:00:16"]
[BlackClock "0:00:01"]
[Board "142"]

1. e4 e5 2. Nf3 Nc6 3. Bb5 a6 4. Ba4 Nf6 5. O-O Be7 6. Re1 b5 7. Bb3 Bb7 8. c3 d5 9. exd5 Nxd5 10. Nxe5 Nxe5 11. Rxe5 Nf4 12. f3 Nd3 13. Re2 O-O 14. Bc2 Bc5+ 15. Kf1 Nf4 16. d4 Nxe2 17. Qxe2 Bd6 18. g3 Qf6 19. Kg2 Rfe8 20. Qd3 g6 21. Nd2 Qg7 22. Ne4 f5 23. Nxd6 cxd6 24. Bf4 Qf6 25. Qd2 Qe6 26. Kf2 Rad8 27. h4 h5 28. a4 Rd7 29. Qd1 Rde7 30. Bd3 Qd5 31. axb5 axb5 32. Qh1 b4 33. Ra4 Kg7 34. Rxb4 Bc6 35. Bc4 Qa5 36. Bxd6 Re1 37. Qxe1 Rxe1 38. Kxe1 Qd8 39. Be5+ Kh7 40. Kf2 Qa5 41. Rb8 g5 42. Bf7 Bd5 43. Rh8# 1-0


[Site "https://www.chess.com"]

[Event "Titled Tuesday Blitz July 25 Early 2023"]
[White "Guzman Moneo, Alberto"]
[Black "Antal, Gergely"]
[WhiteFideId "2209616"]
[BlackFideId "717312"]
[WhiteElo "2346"]
[BlackElo "2676"]
[Result "0-1"]
[Round "1"]
[TimeControl "180+2"]
[Date "2023.07.25"]
[WhiteClock "0:00:31"]
[BlackClock "0:00:52"]
[Board "143"]

1. Nf3 d5 2. d4 Bg4 3. Qd3 Bxf3 4. Qxf3 Nf6 5. Bf4 e6 6. e3 Bd6 7. Bg5 h6 8. Bxf6 Qxf6 9. Qxf6 gxf6 10. c4 Bb4+ 11. Nc3 dxc4 12. Bxc4 Rg8 13. g3 c5 14. dxc5 Nd7 15. c6 Bxc3+ 16. bxc3 bxc6 17. Ke2 Rb8 18. Rab1 Ke7 19. Bd3 Nc5 20. Rxb8 Rxb8 21. Rb1 Rb6 22. Rb4 f5 23. Bc2 Kf6 24. Kd2 Nd7 25. f4 Ke7 26. Ba4 Kd6 27. Rd4+ Kc7 28. Rb4 Nf6 29. Bc2 Nd5 30. Rxb6 axb6 31. c4 Nf6 32. Kc3 Ng4 33. Kd4 c5+ 34. Kd3 Nxh2 35. e4 Nf1 36. exf5 exf5 37. Ke2 Nxg3+ 38. Kf3 Ne4 39. Bxe4 fxe4+ 40. Kxe4 h5 41. a4 Kd7 42. Kf5 f6 43. Kxf6 h4 44. Kg7 h3 45. f5 h2 46. f6 h1=Q 47. f7 Qg2+ 48. Kh8 Ke7 49. a5 Kf8 0-1


[Site "https://www.chess.com"]

[Event "Titled Tuesday Blitz July 25 Early 2023"]
[White "Rendle, Thomas E"]
[Black "Smiechu"]
[WhiteFideId "408760"]
[WhiteElo "2676"]
[BlackElo "2345"]
[Result "1-0"]
[Round "1"]
[TimeControl "180+2"]
[Date "2023.07.25"]
[WhiteClock "0:00:54"]
[BlackClock "0:00:31"]
[Board "144"]

1. e4 c5 2. Nf3 g6 3. Bc4 Nc6 4. c3 Bg7 5. d4 cxd4 6. cxd4 d6 7. Nc3 Nf6 8. h3 O-O 9. O-O Nxe4 10. Bxf7+ Rxf7 11. Nxe4 Qb6 12. Be3 Qxb2 13. Neg5 Rf8 14. Qd3 d5 15. Rfb1 Bf5 16. Qxf5 Rxf5 17. Rxb2 e5 18. Rxb7 e4 19. Ne6 exf3 20. Rxg7+ Kh8 21. Rc7 Nb4 22. Rac1 h5 23. Bh6 Nd3 24. R1c3 Ne1 25. g4 hxg4 26. hxg4 1-0


[Site "https://www.chess.com"]

[Event "Titled Tuesday Blitz July 25 Early 2023"]
[White "Slovineanu, Viacheslav"]
[Black "Weetik, Vjacheslav"]
[WhiteFideId "13900510"]
[BlackFideId "4153472"]
[WhiteElo "2344"]
[BlackElo "2674"]
[Result "0-1"]
[Round "1"]
[TimeControl "180+2"]
[Date "2023.07.25"]
[WhiteClock "0:00:05"]
[BlackClock "0:00:12"]
[Board "145"]

1. d4 Nf6 2. Nf3 e6 3. c4 b6 4. e3 Bb7 5. Bd3 Bb4+ 6. Nbd2 O-O 7. O-O d5 8. a3 Be7 9. b4 a5 10. b5 Nbd7 11. a4 Ne4 12. Qc2 f5 13. Ba3 Bxa3 14. Rxa3 Rc8 15. cxd5 exd5 16. Raa1 Qe7 17. Rfe1 c5 18. bxc6 Rxc6 19. Qb2 Rh6 20. Rac1 Ndf6 21. Ne5 Ng4 22. Nxg4 fxg4 23. Bxe4 dxe4 24. Nf1 Bd5 25. Re2 Rhf6 26. Rc3 h5 27. Rec2 h4 28. Rc7 Qb4 29. Qxb4 axb4 30. Rd7 Bc6 31. Rc7 Bxa4 32. Rb2 Bb5 33. h3 g3 34. f4 exf3 35. gxf3 Bxf1 36. Kxf1 Rxf3+ 37. Kg2 Rf2+ 38. Rxf2 Rxf2+ 39. Kg1 b3 40. Rb7 b2 41. Rxb6 Rc2 42. d5 Rc1+ 43. Kg2 b1=Q 44. Rxb1 Rxb1 0-1


[Site "https://www.chess.com"]

[Event "Titled Tuesday Blitz July 25 Early 2023"]
[White "Danielyan, Vahe"]
[Black "TomLiu777"]
[WhiteFideId "13304828"]
[WhiteElo "2672"]
[BlackElo "2344"]
[Result "0-1"]
[Round "1"]
[TimeControl "180+2"]
[Date "2023.07.25"]
[WhiteClock "0:00:04"]
[BlackClock "0:00:11"]
[Board "146"]

1. d4 Nf6 2. Nc3 d5 3. Bf4 g6 4. Qd2 c5 5. e3 Bg7 6. Nf3 Nc6 7. h4 O-O 8. Be2 Bf5 9. dxc5 Ne4 10. Nxe4 dxe4 11. Nd4 Nxd4 12. exd4 Qxd4 13. Be3 Qxb2 14. O-O Rfd8 15. Qa5 Qxc2 16. Bd1 Qc3 17. Qxc3 Bxc3 18. Rb1 Rab8 19. Bb3 e5 20. Rfc1 Bd4 21. Ba4 Be6 22. Rc2 f5 23. Bg5 Rdc8 24. Rbc1 Rc7 25. Bb3 Kf7 26. Bd2 Rbc8 27. Bb4 Bxb3 28. axb3 Rc6 29. Ba3 a5 30. Rc4 Ke6 31. Kf1 Kd5 32. b4 axb4 33. Rxb4 Bxc5 34. Rb5 b6 35. Bb2 Ke6 36. g3 Bd4 37. Bxd4 Rxc1+ 38. Kg2 exd4 39. Rxb6+ R8c6 40. Rb7 Rc7 41. Rb6+ R1c6 42. Rb8 d3 43. Re8+ Re7 0-1


[Site "https://www.chess.com"]

[Event "Titled Tuesday Blitz July 25 Early 2023"]
[White "Sovetbekova, Nurai"]
[Black "Nagare Kaivalya Sandip"]
[WhiteFideId "13801910"]
[BlackFideId "25957929"]
[WhiteElo "2344"]
[BlackElo "2667"]
[Result "1/2-1/2"]
[Round "1"]
[TimeControl "180+2"]
[Date "2023.07.25"]
[WhiteClock "0:00:04"]
[BlackClock "0:00:50"]
[Board "147"]

1. d4 Nf6 2. c4 e6 3. Nc3 Bb4 4. a3 Bxc3+ 5. bxc3 c5 6. e3 O-O 7. Bd3 b6 8. Nf3 Bb7 9. O-O d6 10. Qc2 Nbd7 11. e4 e5 12. Bg5 h6 13. Bh4 Qe7 14. Rfe1 Rfe8 15. Rad1 Nf8 16. Bg3 Ng6 17. h4 Nh5 18. d5 Bc8 19. Ra1 Bg4 20. Nh2 Bd7 21. Be2 Nhf4 22. h5 Nxe2+ 23. Qxe2 Nf8 24. a4 a5 25. Reb1 Rab8 26. Rb2 Nh7 27. Nf3 Bg4 28. Qe3 Bxh5 29. Nh4 Bg4 30. Rab1 Qc7 31. Nf5 Bxf5 32. exf5 f6 33. f4 exf4 34. Qxf4 Red8 35. Re2 Qd7 36. Re6 Qxa4 37. Rxd6 Re8 38. Rdxb6 Rxb6 39. Rxb6 Qa1+ 40. Kh2 Qxc3 41. Rb8 Rxb8 42. Qxb8+ Nf8 43. Bd6 Qxc4 44. Qxf8+ Kh7 45. Qf7 Qh4+ 46. Kg1 c4 47. Qg6+ Kg8 48. Qe8+ Kh7 49. Qg6+ Kg8 50. Qe8+ Kh7 51. Qg6+ 1/2-1/2


[Site "https://www.chess.com"]

[Event "Titled Tuesday Blitz July 25 Early 2023"]
[White "Shuvalova, Polina"]
[Black "Makhmudov, Shukhrat"]
[WhiteFideId "24171760"]
[BlackFideId "14200775"]
[WhiteElo "2661"]
[BlackElo "2343"]
[Result "1-0"]
[Round "1"]
[TimeControl "180+2"]
[Date "2023.07.25"]
[WhiteClock "0:01:10"]
[BlackClock "0:00:46"]
[Board "148"]

1. f4 e5 2. fxe5 d6 3. exd6 Bxd6 4. Nf3 g5 5. d4 g4 6. Ne5 Bxe5 7. dxe5 Qxd1+ 8. Kxd1 Nc6 9. Bf4 Nge7 10. e3 Be6 11. Bb5 a6 12. Bd3 O-O-O 13. Nc3 Ng6 14. Ke2 Ncxe5 15. Rad1 Nxd3 16. cxd3 Nxf4+ 17. exf4 f5 18. Rhe1 Bf7 19. Kf2 Rd7 20. Re5 Rhd8 21. Ke3 Re8 22. d4 c5 23. Rxe8+ Bxe8 24. dxc5 Re7+ 25. Kf2 Bf7 26. b4 Kc7 27. a3 Kc6 28. Rd6+ Kc7 29. Rf6 Bc4 30. Rxf5 Rd7 31. Ne4 Bd3 32. Re5 Bxe4 33. Rxe4 Rd3 34. Re3 Rd2+ 35. Kg3 h5 36. f5 h4+ 37. Kxg4 Rxg2+ 38. Kxh4 Rxh2+ 39. Kg5 a5 40. f6 Rg2+ 41. Kf5 1-0


[Site "https://www.chess.com"]

[Event "Titled Tuesday Blitz July 25 Early 2023"]
[White "Lopez Del Alamo, Antonio"]
[Black "Seemann, Jakub"]
[WhiteFideId "2227339"]
[BlackFideId "21874697"]
[WhiteElo "2343"]
[BlackElo "2659"]
[Result "0-1"]
[Round "1"]
[TimeControl "180+2"]
[Date "2023.07.25"]
[WhiteClock "0:00:06"]
[BlackClock "0:00:22"]
[Board "149"]

1. e4 c6 2. d4 d5 3. e5 Bf5 4. Nf3 e6 5. Be2 Nd7 6. O-O a5 7. a4 f6 8. exf6 Qxf6 9. Re1 Bd6 10. Bd3 Ne7 11. Bg5 Qf7 12. Bxe7 Kxe7 13. Ng5 Qf6 14. Bxf5 Qxf5 15. Nxe6 Kf7 16. Qf3 Qxf3 17. Ng5+ Kf6 18. Nxf3 Rhe8 19. Nbd2 g5 20. h3 h5 21. g4 hxg4 22. hxg4 Kg6 23. Kg2 Nf6 24. Nf1 Nxg4 25. Ng3 Bf4 26. c3 Nf6 27. Ne5+ Bxe5 28. dxe5 Ng4 29. e6 Kf6 30. Kf3 Ne5+ 31. Rxe5 Kxe5 32. Re1+ Kf6 33. Nh5+ Kg6 34. Kg4 Rh8 35. Ng3 Raf8 0-1


[Site "https://www.chess.com"]

[Event "Titled Tuesday Blitz July 25 Early 2023"]
[White "Haug, Havard"]
[Black "Peiris, T G M"]
[WhiteFideId "1547887"]
[BlackFideId "9901310"]
[WhiteElo "2658"]
[BlackElo "2337"]
[Result "1-0"]
[Round "1"]
[TimeControl "180+2"]
[Date "2023.07.25"]
[WhiteClock "0:00:13"]
[BlackClock "0:00:46"]
[Board "150"]

1. e4 c5 2. c3 e6 3. d4 cxd4 4. cxd4 d5 5. e5 Nc6 6. Nf3 Qb6 7. Be2 Bd7 8. O-O Nge7 9. Nbd2 Nf5 10. Nb3 a5 11. a4 Be7 12. Bf4 Rc8 13. Rc1 O-O 14. Bb5 Rfd8 15. Qd2 Bb4 16. Qd3 Be7 17. Qd2 Bb4 18. Qe2 Be7 19. Be3 h6 20. Rc3 Be8 21. Rfc1 Rb8 22. Nc5 Nb4 23. Bxe8 Rxe8 24. Nd7 Qa7 25. Nxb8 Qxb8 26. Qb5 Nc6 27. g3 Bb4 28. Rxc6 bxc6 29. Qxc6 Nxe3 30. fxe3 Bd2 31. Nxd2 Rd8 32. Qc7 Qa8 33. Rc5 Rf8 34. Rxa5 Qe8 35. Rb5 f6 36. exf6 gxf6 37. Qc2 Qh5 38. Rb7 f5 39. Qc7 Qg6 40. Nf3 f4 41. exf4 Qb1+ 42. Kg2 Qg6 43. Ne5 Qe4+ 44. Kh3 Qf5+ 45. g4 Rf7 46. Qxf7+ Qxf7 47. Rxf7 h5 48. gxh5 Kh8 49. a5 Kg8 50. a6 1-0


[Site "https://www.chess.com"]

[Event "Titled Tuesday Blitz July 25 Early 2023"]
[White "Andrews, Todd"]
[Black "Spata, German"]
[WhiteFideId "2012456"]
[BlackFideId "113026"]
[WhiteElo "2336"]
[BlackElo "2655"]
[Result "0-1"]
[Round "1"]
[TimeControl "180+2"]
[Date "2023.07.25"]
[WhiteClock "0:00:19"]
[BlackClock "0:00:10"]
[Board "151"]

1. e4 e6 2. d4 d5 3. Nc3 dxe4 4. Nxe4 Nd7 5. Nf3 Ngf6 6. Ng3 c5 7. Be3 Nd5 8. Bd2 cxd4 9. Nxd4 Bc5 10. Nb3 Bb6 11. c4 N5f6 12. Be2 O-O 13. O-O Nc5 14. Bc3 Nce4 15. Bb4 Nxg3 16. hxg3 Re8 17. Qc2 Bd7 18. Rad1 Qc8 19. Bd6 Ba4 20. Be5 Bc7 21. Bxf6 gxf6 22. Rd4 f5 23. Rfd1 Be5 24. R4d2 Qc7 25. g4 fxg4 26. Bxg4 Rad8 27. Qe4 Rxd2 28. Rxd2 Bf6 29. Bh5 Bc6 30. Qg4+ Bg7 31. Rd3 f5 32. Qh4 Qe7 33. Qf4 Rd8 34. Rg3 Qf6 35. Nc5 e5 36. Qg5 Qxg5 37. Rxg5 Rd6 38. Rxf5 h6 39. Ne6 Bd7 40. Nxg7 Bxf5 41. Nxf5 Rd2 42. b3 Rxa2 43. Nd6 Rb2 44. Nxb7 Rxb3 45. Nc5 Rb1+ 46. Kh2 a5 47. Bf3 Kg7 48. Bd5 Ra1 49. Nb3 Ra3 50. c5 a4 51. c6 Ra2 52. Nc5 Rc2 53. Ne6+ Kf6 54. c7 a3 55. Bb7 Kxe6 56. c8=Q+ Rxc8 57. Bxc8+ Kd6 58. Ba6 a2 59. Be2 a1=Q 60. Bf3 Qd4 61. Kg3 Qf4+ 62. Kh3 e4 0-1


[Site "https://www.chess.com"]

[Event "Titled Tuesday Blitz July 25 Early 2023"]
[White "Sagita, Catur Adi"]
[Black "Ncatt"]
[WhiteFideId "7104618"]
[WhiteElo "2651"]
[BlackElo "2336"]
[Result "1/2-1/2"]
[Round "1"]
[TimeControl "180+2"]
[Date "2023.07.25"]
[WhiteClock "0:00:34"]
[BlackClock "0:01:31"]
[Board "152"]

1. e4 c5 2. Nf3 Nc6 3. d4 cxd4 4. Nxd4 Nf6 5. Nc3 e6 6. Nxc6 bxc6 7. e5 Nd5 8. Ne4 Qc7 9. f4 Qb6 10. c4 Bb4+ 11. Ke2 f5 12. Nf2 Ne7 13. Be3 Bc5 14. Bxc5 Qxc5 15. Kf3 Ba6 16. Qa4 Qb6 17. c5 Bb5 18. Bxb5 Qxb5 19. Qxb5 cxb5 20. Rhd1 Nd5 21. Nd3 h6 22. Rac1 Rc8 23. a3 a5 24. g4 Rf8 25. gxf5 Rxf5 26. Ke4 Ke7 27. Rg1 g5 28. fxg5 hxg5 29. Rcf1 Rcf8 30. Rxf5 Rxf5 31. Rh1 g4 32. Re1 Rh5 33. Nf4 Nxf4 34. Kxf4 Rxh2 35. b4 axb4 36. axb4 Rb2 37. Re4 Rg2 38. Re3 Kf7 39. Rd3 Ke7 40. Rc3 Rb2 41. Kxg4 Rxb4+ 42. Kf3 Rc4 43. Rxc4 bxc4 44. Ke4 Kd8 45. Kd4 Kc7 46. Kc3 Kb7 47. Kb4 Kc7 48. Kc3 Kb7 49. Kb4 Kc7 50. Kc3 1/2-1/2


[Site "https://www.chess.com"]

[Event "Titled Tuesday Blitz July 25 Early 2023"]
[White "Girinath, P.D.S."]
[Black "brm72"]
[WhiteFideId "5000572"]
[WhiteElo "2335"]
[BlackElo "2651"]
[Result "0-1"]
[Round "1"]
[TimeControl "180+2"]
[Date "2023.07.25"]
[WhiteClock "0:00:01"]
[BlackClock "0:00:13"]
[Board "153"]

1. e4 c6 2. d3 d5 3. Nd2 e5 4. Ngf3 Bd6 5. g3 Nf6 6. Bg2 O-O 7. O-O Re8 8. b3 Bg4 9. h3 Bh5 10. Bb2 Nbd7 11. Qe1 a5 12. a3 Qc7 13. Nh4 a4 14. b4 Rad8 15. c4 dxe4 16. dxe4 c5 17. b5 Nb6 18. g4 Bg6 19. Qe2 Bf8 20. Rad1 Rd7 21. Nxg6 hxg6 22. Nb1 Red8 23. Nc3 Rxd1 24. Rxd1 Rxd1+ 25. Nxd1 Ne8 26. Ne3 f6 27. Qc2 Nd6 28. Bf1 Qf7 29. Bd3 Qe6 30. Bc3 Kf7 31. Ba5 Nd7 32. Bc7 Qe8 33. Bxd6 Bxd6 34. Qxa4 Nf8 35. Qa7 Qd7 36. Nd5 Ne6 37. a4 Nf4 38. Bf1 f5 39. exf5 gxf5 40. Nxf4 exf4 41. g5 f3 42. a5 Kg6 43. a6 Qe6 44. Qxb7 Qe5 45. Bg2 Qe1+ 46. Bf1 Bh2+ 47. Kxh2 Qxf2+ 0-1


[Site "https://www.chess.com"]

[Event "Titled Tuesday Blitz July 25 Early 2023"]
[White "Iskusnyh, Sergei"]
[Black "Dwilewicz, Katarzyna"]
[WhiteFideId "4120027"]
[BlackFideId "1148486"]
[WhiteElo "2649"]
[BlackElo "2332"]
[Result "0-1"]
[Round "1"]
[TimeControl "180+2"]
[Date "2023.07.25"]
[WhiteClock "0:00:04"]
[BlackClock "0:00:18"]
[Board "154"]

1. d4 d5 2. c4 dxc4 3. e3 Nf6 4. Bxc4 c5 5. Nf3 e6 6. O-O Nc6 7. a3 a6 8. Nc3 Be7 9. dxc5 Qxd1 10. Rxd1 Bxc5 11. b4 Ba7 12. Bb2 Ke7 13. Nd2 b5 14. Be2 Bb7 15. Nce4 Rhd8 16. Nxf6 gxf6 17. Ne4 Ne5 18. Nc5 Bxc5 19. bxc5 Rg8 20. Bf1 Nf3+ 21. Kh1 Nh4 22. c6 Bxc6 23. Rac1 Rac8 24. Bc3 f5 25. Bb4+ Kf6 26. Bc3+ Ke7 27. Bb4+ Kf6 28. f3 Bd5 29. Be1 Nxf3 30. Rxc8 Rxc8 31. Rxd5 exd5 32. gxf3 Rc1 33. Bh4+ Ke6 34. Kg2 Ra1 35. Bd8 Rxa3 36. Kg3 Ra1 37. Bh3 b4 38. Kf4 b3 39. Bxf5+ Kd6 40. Bf6 Rh1 0-1


[Site "https://www.chess.com"]

[Event "Titled Tuesday Blitz July 25 Early 2023"]
[White "Wernberg, Hugo"]
[Black "Goryachkina, Aleksandra"]
[WhiteFideId "1737511"]
[BlackFideId "4147103"]
[WhiteElo "2331"]
[BlackElo "2647"]
[Result "1/2-1/2"]
[Round "1"]
[TimeControl "180+2"]
[Date "2023.07.25"]
[WhiteClock "0:00:07"]
[BlackClock "0:00:06"]
[Board "155"]

1. d4 Nf6 2. c4 e6 3. Nf3 d5 4. g3 dxc4 5. Bg2 c6 6. O-O b5 7. a4 Bb7 8. Ne5 a6 9. b3 cxb3 10. Qxb3 Be7 11. axb5 axb5 12. Rxa8 Bxa8 13. Rd1 O-O 14. Nc3 Nd5 15. e4 Nxc3 16. Qxc3 c5 17. Be3 Nc6 18. Nf3 c4 19. d5 exd5 20. exd5 Na5 21. d6 Bf6 22. Bd4 Nb3 23. Bxf6 Qxf6 24. Ne5 Bxg2 25. Kxg2 h6 26. f4 Rd8 27. Qb4 Kh7 28. Qxb5 Rxd6 29. Rxd6 Qxd6 30. Qxc4 Qd2+ 31. Kh3 f6 32. Nf3 Qd7+ 33. Kg2 Qb7 34. Qc2+ g6 35. Qe2 Kg7 36. Qf2 Qc7 37. h3 Nc5 38. Kh2 Ne4 39. Qe2 f5 40. Nh4 Qc3 41. Qf3 Qd2+ 42. Ng2 Qd4 43. g4 Qd6 44. gxf5 gxf5 45. Ne3 Kf6 46. Ng2 Qd2 47. Qe3 Qxe3 48. Nxe3 Nd6 49. Kg2 Ne4 50. Kf3 Nd2+ 51. Ke2 Ne4 52. Kf3 Nd2+ 53. Ke2 Ne4 54. Kf3 1/2-1/2


[Site "https://www.chess.com"]

[Event "Titled Tuesday Blitz July 25 Early 2023"]
[White "Aldokhin, Ivan"]
[Black "chessmateto"]
[WhiteFideId "24115720"]
[WhiteElo "2645"]
[BlackElo "2331"]
[Result "0-1"]
[Round "1"]
[TimeControl "180+2"]
[Date "2023.07.25"]
[WhiteClock "0:00:02"]
[BlackClock "0:00:10"]
[Board "156"]

1. e4 c6 2. Nc3 d5 3. d4 dxe4 4. Nxe4 Nf6 5. Nxf6+ exf6 6. c3 Bd6 7. Bd3 O-O 8. Ne2 Re8 9. Qc2 h5 10. O-O Nd7 11. Ng3 Bxg3 12. hxg3 Nf8 13. Bd2 Be6 14. Rae1 b5 15. b3 Qd7 16. Qd1 g6 17. Qf3 Kg7 18. Qf4 g5 19. Qe4 Bg4 20. Qxe8 Rxe8 21. Rxe8 Qxe8 22. f3 Be6 23. f4 g4 24. f5 Bd5 25. Re1 Qd7 26. Kh2 c5 27. c4 bxc4 28. bxc4 Bxc4 29. Bxc4 Qxd4 30. Bb3 Qxd2 31. Re7 Nh7 32. Bxf7 Qd6 33. Rxa7 Kh6 34. Bxh5 Kxh5 35. Rxh7+ Kg5 36. a4 Kxf5 37. a5 Qa6 38. Rh5+ Kg6 39. Rxc5 f5 40. Rd5 Kg5 41. Rc5 Qe2 42. a6 Qxa6 43. Rd5 Qh6+ 44. Kg1 Qc6 45. Rd2 f4 46. Rf2 fxg3 47. Rf1 Qc5+ 48. Kh1 Qf2 49. Rg1 Kf4 50. Rd1 Ke3 51. Rc1 Qd2 52. Rf1 Qd6 53. Re1+ Kf2 54. Rf1+ Ke2 0-1


[Site "https://www.chess.com"]

[Event "Titled Tuesday Blitz July 25 Early 2023"]
[White "K2JW"]
[Black "Popilski, Gil"]
[BlackFideId "2809060"]
[WhiteElo "2329"]
[BlackElo "2641"]
[Result "1-0"]
[Round "1"]
[TimeControl "180+2"]
[Date "2023.07.25"]
[WhiteClock "0:00:34"]
[BlackClock "0:01:57"]
[Board "157"]

1. d4 Nf6 2. c4 e6 3. Nf3 Bb4+ 4. Bd2 a5 5. a3 Bxd2+ 6. Qxd2 a4 7. Nc3 d6 8. e4 Nc6 9. Bd3 Bd7 10. O-O e5 11. Bc2 exd4 12. Nxd4 O-O 13. f4 Na5 14. Qd3 Ng4 15. h3 Nh6 16. e5 g6 17. Nd5 dxe5 18. fxe5 Nf5 19. Nxf5 Bxf5 20. Rxf5 gxf5 21. Nf6+ Kh8 22. Qxf5 Qd4+ 23. Kh2 Qh4 24. Nh5 1-0


[Site "https://www.chess.com"]

[Event "Titled Tuesday Blitz July 25 Early 2023"]
[White "Hilary46"]
[Black "Vujacic, Igor"]
[BlackFideId "932620"]
[WhiteElo "2638"]
[BlackElo "2328"]
[Result "1-0"]
[Round "1"]
[TimeControl "180+2"]
[Date "2023.07.25"]
[WhiteClock "0:00:21"]
[BlackClock "0:00:08"]
[Board "158"]

1. e4 c5 2. Nf3 Nc6 3. d4 cxd4 4. Nxd4 g6 5. c4 Nf6 6. Nc3 d6 7. Be2 Nxd4 8. Qxd4 Bg7 9. Be3 O-O 10. Qd2 a5 11. O-O a4 12. Rad1 Be6 13. f4 Qa5 14. f5 gxf5 15. exf5 Bxf5 16. Bd4 Bg6 17. Qe3 Rfe8 18. a3 Nd7 19. Bxg7 Kxg7 20. Nd5 e6 21. Nc3 Qc5 22. Qxc5 Nxc5 23. Rxd6 Kf8 24. Rfd1 Ke7 25. Bf3 Bc2 26. R1d2 Bb3 27. R6d4 Rad8 28. Ne4 Rd5 29. cxd5 1-0


[Site "https://www.chess.com"]